[Event "*** Titled Tuesday Blitz"]
[Site "Chess.com"]
[Date "2019.01.01"]
[Round "5"]
[White "Kawhi_Leonard2"]
[Black "salomez"]
[Result "1-0"]
[WhiteElo "2264"]
[BlackElo "2131"]
[TimeControl "180+2"]
[EndTime "14:09:52 PST"]
[Termination "Kawhi_Leonard2 won by resignation"]

1. e4 c5 2. Nf3 e6 3. d4 cxd4 4. Nxd4 Nf6 5. Nc3 Nc6 6. Ndb5 d6 7. Bf4 e5 8. Bg5 a6 9. Na3 b5 10. Nd5 Be7 11. Bxf6 Bxf6 12. c3 O-O 13. Nc2 Rb8 14. Be2 Bg5 15. O-O Be6 16. Bg4 Ne7 17.
Ncb4 Nxd5 18. exd5 Bxg4 19. Qxg4 Rb6 20. a4 f5 21. Qe2 f4 22. f3 Bh4 23. a5 Rb7 24.
Nxa6 Ra7 25. Nb4 Rxa5 26. Nc6 Qb6+ 27. Kh1 Rxa1 28. Rxa1 Qc5 29. Qd3 h6 30. b4 Qf2 31.
Qxb5 Rf6 32. Qf1 Qd2 33. c4 Rg6 34. b5 Bf2 35. Ne7+ Kh7 36. Nxg6 Kxg6 37. Rd1 Qb2 38.
Qd3+ Kf6 39. Rb1 Qa2 40. b6 Bc5 41. b7 1-0

[Event "*** Titled Tuesday Blitz"]
[Site "Chess.com"]
[Date "2019.01.01"]
[Round "5"]
[White "IakovUlivar"]
[Black "nurmiTV"]
[Result "0-1"]
[WhiteElo "2490"]
[BlackElo "2619"]
[TimeControl "180+2"]
[EndTime "14:09:53 PST"]
[Termination "nurmiTV won by resignation"]

1. d4 Nf6 2. c4 e6 3. Nf3 b6 4.
a3 Bb7 5. Nc3 Be7 6. d5 exd5 7.
cxd5 O-O 8. e4 Re8 9. Bd3 c6 10. dxc6 dxc6 11. O-O Nbd7 12. e5 Nd5 13. Nxd5 cxd5 14.
Re1 Nc5 15. Nd4 Bf8 16. Bc2 Rc8 17. Bf4 Ne4 18. f3 Nc5 19. Qd2 Ne6 20. Be3 Qc7 21. Ba4 Red8 22. Nxe6 fxe6 23. Bd4 Qc4 24. Bd1 Bc5 25.
Bf2 d4 26. b4 Be7 27. Be2 d3 28.
Bf1 Qc2 29. Rad1 Rc3 30. Qf4 Rxa3 31. Rc1 Qb3 32. Rc7 Qxb4 33. Rxb7 Qxf4 0-1

[Event "*** Titled Tuesday Blitz"]
[Site "Chess.com"]
[Date "2019.01.01"]
[Round "5"]
[White "Grieve72"]
[Black "Opening_Prep"]
[Result "1-0"]
[WhiteElo "2345"]
[BlackElo "2393"]
[TimeControl "180+2"]
[EndTime "14:09:54 PST"]
[Termination "Grieve72 won by resignation"]

1. d4 Nf6 2. Bg5 d5 3. Bxf6 exf6 4. e3 Bd6 5. g3 O-O 6. Bg2 c6 7. Ne2 Nd7 8. O-O Re8 9. b3 Qe7 10. c4 dxc4 11. bxc4 c5 12. Nbc3 Rb8 13. Qa4 cxd4 14.
exd4 Nb6 15. Qb3 Be6 16. d5 Bf5 17. Rfd1 Rbc8 18. Nd4 Bd7 19. Bf1 f5 20. a4 Bb4 21.
Ncb5 a5 22. Nc2 Bc5 23. Qf3 Qf6 24. Bd3 g6 25. Re1 Kg7 26. Kf1 h5 27. h4 Rxe1+ 28. Rxe1 Nxa4 29. Qf4 Nc3 30. Nbd4 Qxd4 31. Nxd4 1-0

[Event "*** Titled Tuesday Blitz"]
[Site "Chess.com"]
[Date "2019.01.01"]
[Round "5"]
[White "nitpicker"]
[Black "KRASAVCHIK2002"]
[Result "1-0"]
[WhiteElo "2217"]
[BlackElo "2253"]
[TimeControl "180+2"]
[EndTime "14:09:54 PST"]
[Termination "nitpicker won by resignation"]

1. d4 Nf6 2. c4 c5 3. d5 b5 4.
cxb5 a6 5. bxa6 g6 6. Nc3 Bg7 7. e4 O-O 8. Nf3 Qa5 9. Bd2 Bxa6 10. Bxa6 Qxa6 11. Qe2 e6 12. dxe6 fxe6 13. Qxa6 Nxa6 14. O-O d5 15. Rfe1 Nb4 16. exd5 exd5 17. Re7 d4 18. Nb5 Nbd5 19. Rb7 Rfb8 20. Rxb8+ Rxb8 21. a4 Ne4 22. Be1 d3 23. Rd1 c4 24. Nd2 Nxd2 25. Rxd2 Re8 26. Kf1 Nb4 27. Nd6 Re6 28. Nxc4 Nc2 29.
Ne3 Nxe3+ 30. fxe3 Rxe3 31. Bf2 Re4 32. b3 1-0

[Event "*** Titled Tuesday Blitz"]
[Site "Chess.com"]
[Date "2019.01.01"]
[Round "5"]
[White "NTBT_DHS"]
[Black "PrinceMurad09"]
[Result "1-0"]
[WhiteElo "2698"]
[BlackElo "2480"]
[TimeControl "180+2"]
[EndTime "14:09:56 PST"]
[Termination "NTBT_DHS won by resignation"]

1. d4 Nf6 2. c4 e6 3. Nf3 d5 4.
g3 Be7 5. Bg2 O-O 6. O-O a6 7.
Qc2 dxc4 8. a4 c5 9. Rd1 Nc6 10. dxc5 Qa5 11. Qxc4 Qxc5 12. Qb3 Ng4 13. e3 e5 14. Nc3 Na5 15. Qc2 Be6 16. Qe4 f5 17. Qc2 Bb3 18. Qe2 Bxd1 19. Qxd1 Rfd8 20. Qc2 Rac8 21. Qxf5 Nf6 22. h3 e4 23. Qe6+ Kh8 24.
Ne5 Rf8 25. Nf7+ Rxf7 26. Qxf7 Rf8 27. Qe6 Bd6 28. Bd2 Nc4 29. b4 Qxb4 30. Nxe4 Nxd2 31.
Nxd6 Qb3 32. Qe7 Kg8 33. Rc1 Qb2 34. Rc7 Qa1+ 35. Kh2 Ng4+ 36. hxg4 Nf1+ 37. Bxf1 1-0

[Event "*** Titled Tuesday Blitz"]
[Site "Chess.com"]
[Date "2019.01.01"]
[Round "5"]
[White "ElenaPershina"]
[Black "ChessChronicles123"]
[Result "1-0"]
[WhiteElo "1917"]
[BlackElo "1805"]
[TimeControl "180+2"]
[EndTime "14:09:56 PST"]
[Termination "ElenaPershina won on time"]

1. e4 c5 2. Nc3 d6 3. g3 Nf6 4.
Bg2 g6 5. Nge2 Bg7 6. O-O Nc6 7.
d3 e5 8. Be3 Be6 9. h3 Qd7 10.
Kh2 O-O 11. a3 Nh5 12. Qd2 f5 13. Bh6 f4 14. Bxg7 Kxg7 15. Ng1 Nd4 16. Rfe1 f3 17.
Bf1 Rf7 18. Nd5 Raf8 19. b4 Nf6 20. Nxf6 Rxf6 21. Rab1 b6 22. bxc5 dxc5 23. c3 Nc6 24. Qe3 Nd8 25. Red1 Nf7 26. d4 cxd4 27. cxd4 exd4 28.
Rxd4 Qc8 29. Rc1 Qb7 30. Nxf3 Ne5 31. Nxe5 Rxf2+ 32. Kg1 Qb8 33. Qg5 h6 34. Qe7+ R8f7 35. Qxe6 R2f6 36. Qd5 Rf2 37. Bc4 R7f3 38. Rd3 1-0

[Event "*** Titled Tuesday Blitz"]
[Site "Chess.com"]
[Date "2019.01.01"]
[Round "5"]
[White "penguingm1"]
[Black "mitrabhaa"]
[Result "1-0"]
[WhiteElo "2811"]
[BlackElo "2581"]
[TimeControl "180+2"]
[EndTime "14:10:01 PST"]
[Termination "penguingm1 won by resignation"]

1. d4 Nf6 2. c4 e6 3. Nc3 Bb4 4. Qc2 O-O 5. Nf3 c5 6. dxc5 Na6 7. g3 Nxc5 8. Bg2 Nce4 9. O-O Bxc3 10. bxc3 d6 11.
Nd4 Nc5 12. Rd1 Qe7 13. Nb5 Bd7 14. Ba3 Bxb5 15. cxb5 Rac8 16. c4 Rfd8 17. Bb4 Rc7 18. a4 Rdc8 19. Rd2 b6 20. Rad1 Rd8 21. Bc6 h6 22. a5 Rcc8 23. h4 Qc7 24. Qa2 Kh8 25. Rd4 Ng8 26. Bxc5 dxc5 27. Rd7 Qb8 28. R1d3 Rxd7 29.
Rxd7 Rc7 30. Rd3 Nf6 31. axb6 axb6 32. Ra3 Qd8 33. Kg2 g6 34. Ra6 Rc8 35. Qa1 Kg7 36. Qe5 Kg8 37. Ra7 h5 38. Qf4 Kg7 39. e4 Qd4 40. e5 Qxf4 41. gxf4 Ng8 42. Bd7 Rf8 43. Bxe6 Nh6 44. Rb7 Kg8 45. Bd5 Nf5 46. Rxb6 Nxh4+ 47. Kh3 Nf5 48. Rxg6+ Kh7 49. Rg5 Ng7 50. Be4+ Kh6 51.
b6 Ne6 52. Rf5 Kg7 53. Rf6 Rd8 54. b7 Rb8 55. Bd5 Nd8 56. Ra6 Kf8 57. Ra8 1-0

[Event "*** Titled Tuesday Blitz"]
[Site "Chess.com"]
[Date "2019.01.01"]
[Round "5"]
[White "kleinebeer98"]
[Black "Litti"]
[Result "1-0"]
[WhiteElo "2700"]
[BlackElo "2510"]
[TimeControl "180+2"]
[EndTime "14:10:03 PST"]
[Termination "kleinebeer98 won by resignation"]

1. e4 c5 2. Nf3 e6 3. d4 cxd4 4.
Nxd4 Nf6 5. Nc3 Nc6 6. Ndb5 Bb4 7.
a3 Bxc3+ 8. Nxc3 d5 9. Bd3 dxe4 10. Nxe4 Nxe4 11. Bxe4 Qxd1+ 12. Kxd1 Bd7 13. b3 f5 14. Bd3 O-O-O 15. Bb2 e5 16. Kc1 Rhe8 17. Rd1 e4 18. Be2 Ne5 19. Rd5 Nc6 20. g3 Re7 21. b4 Be6 22. Rxd8+ Kxd8 23. Kd2 Rd7+ 24. Ke3 Ne7 25. c4 b5 26. Bxg7 Bxc4 27. Bf6 Bxe2 28. Kxe2 Kc7 29. Rc1+ Kb7 30. Bxe7 Rxe7 31. Rc5 Kb6 32.
Rxf5 Rc7 33. Ke3 Rc3+ 34. Kxe4 Rxa3 35. Rf6+ Kb7 36. Rf7+ Kb6 37. Kd4 Ra4 38. Rf6+ Kb7 39. Kc5 1-0

[Event "*** Titled Tuesday Blitz"]
[Site "Chess.com"]
[Date "2019.01.01"]
[Round "5"]
[White "tomozupan"]
[Black "JSMastropiero"]
[Result "0-1"]
[WhiteElo "2201"]
[BlackElo "2294"]
[TimeControl "180+2"]
[EndTime "14:10:06 PST"]
[Termination "JSMastropiero won by resignation"]

1. d4 Nf6 2. Bg5 d5 3. Bxf6 exf6 4. e3 Be6 5. c4 dxc4 6. Nc3 c6 7. Nge2 b5 8. Nf4 Bb4 9. a4 O-O 10. axb5 cxb5 11.
Qf3 Nd7 12. Nxe6 fxe6 13. Qc6 Nb6 14. Qxb5 Bxc3+ 15. bxc3 Qd5 16. Qxd5 exd5 17. Be2 a5 18. O-O Kf7 19. Rfb1 Rfb8 20. Bf3 Ke6 21. e4 dxe4 22. Bxe4 Nd5 23. Bxd5+ Kxd5 24. Rxb8 Rxb8 25. Rxa5+ Ke4 26.
h4 Kd3 27. d5 Kxc3 28. d6 Kb4 29. Rd5 c3 30. d7 c2 31. Rd4+ Kb3 32. Rd3+ Kb2 33.
Rd2 Rd8 34. Kh2 Kb1 35. Rxc2 Kxc2 0-1

[Event "*** Titled Tuesday Blitz"]
[Site "Chess.com"]
[Date "2019.01.01"]
[Round "5"]
[White "julinha97"]
[Black "Martins-BR"]
[Result "0-1"]
[WhiteElo "2104"]
[BlackElo "2226"]
[TimeControl "180+2"]
[EndTime "14:10:09 PST"]
[Termination "Martins-BR won by resignation"]

1. d4 f5 2. c4 Nf6 3. Nc3 d6 4.
e4 fxe4 5. f3 Bf5 6. Bg5 Nbd7 7.
Qa4 c6 8. h4 h6 9. Bxf6 Nxf6 10. Qc2 Qa5 11. Qb3 O-O-O 12. O-O-O Kb8 13. d5 c5 14. Qc2 Bh7 15. fxe4 g5 16. hxg5 hxg5 17.
Bd3 Ng4 18. Qe2 Ne5 19. Nf3 Nxd3+ 20. Qxd3 Bg7 21. Nxg5 Bxc3 22. Qxc3 Qxc3+ 23. bxc3 Bg6 24. Kd2 Kc8 25. Ke3 Kd7 26. Ne6 Rdg8 27. Nf4 Bf7 28.
Kf3 e5 29. dxe6+ Bxe6 30. e5 Bg4+ 31. Ke3 Bxd1 32. Rxd1 Re8 33. Rxd6+ Kc8 34. Ke4 Rhg8 35. Kd5 Rg3 36. e6 b6 37. Kc6 Rxc3 38. Nd5 Rxc4 39. Nf6 Re7 40. Nd7 Re4 41. Nf8 Re8 42. Kd5 Rd4+ 0-1

[Event "*** Titled Tuesday Blitz"]
[Site "Chess.com"]
[Date "2019.01.01"]
[Round "5"]
[White "Siemba"]
[Black "Torrentec"]
[Result "1-0"]
[WhiteElo "2122"]
[BlackElo "2320"]
[TimeControl "180+2"]
[EndTime "14:10:09 PST"]
[Termination "Siemba won on time"]

1. e4 e5 2. Nf3 Nc6 3. d4 exd4 4. Nxd4 Bc5 5. Nxc6 Qf6 6. Qf3 bxc6 7. Qg3 d6 8.
Nc3 h6 9. Be3 Bb6 10. Be2 Ne7 11. O-O O-O 12. Rad1 Be6 13. Kh1 Bxe3 14. Qxe3 Qg6 15.
f4 f5 16. e5 dxe5 17. Qxe5 Nd5 18. Bf3 Rae8 19. Nxd5 Bxd5 20. Bxd5+ Kh8 21. Qxc7 cxd5 22. Qxa7 Re2 23. Rf2 Rfe8 24. Rxe2 Rxe2 25. Qa8+ Kh7 26. Qxd5 Rxc2 27. b4 Qg4 28. Rf1 Qxf4 29. Qd3 Rf2 30. Rg1 1-0

[Event "*** Titled Tuesday Blitz"]
[Site "Chess.com"]
[Date "2019.01.01"]
[Round "5"]
[White "kayamarley"]
[Black "ChessMavenYeti"]
[Result "0-1"]
[WhiteElo "1930"]
[BlackElo "2095"]
[TimeControl "180+2"]
[EndTime "14:10:10 PST"]
[Termination "ChessMavenYeti won by resignation"]

1. e4 e6 2. d4 d5 3. Nc3 Bb4 4. e5 c5 5. a3 Ba5 6. f4 Ne7 7.
Nf3 Bd7 8. dxc5 Bxc3+ 9. bxc3 Qa5 10. Bd2 Qxc5 11. Bd3 O-O 12. Nd4 Nbc6 13. Nb5 a6 14. Nd6 b5 15. a4 Nf5 16. Nxf5 exf5 17. axb5 axb5 18. Rxa8 Rxa8 19. Qb1 Nd8 20. Ke2 Ne6 21. Qb4 Qxb4 22. cxb4 d4 23. g3 Bc6 24. Rc1 g6 25.
c3 dxc3 26. Rxc3 Ra2 27. Ke3 Bd7 28. Rc2 Ra3 29. Rc3 Ra1 30. Bc2 Kf8 31. Bb3 Nd8 32.
Kd3 Rh1 33. h4 Nc6 34. Rc5 Nd8 35. Rd5 Ke7 36. Rd6 Rg1 37. Be3 Rxg3 38. Ke2 Rg2+ 39. Kf3 Rb2 40. Bd5 Ne6 41. Bxe6 fxe6 42. Bc5 Ke8 43. Rb6 Rb3+ 44. Kg2 Rd3 45. Rb8+ Kf7 46.
Rf8+ Kg7 47. Rd8 Bc6+ 48. Kf2 Rxd8 49. Be7 Rd2+ 50. Ke3 Rb2 51. Kd4 Bd5 52. Kc5 Bc4 53. Bf6+ Kf7 54. Bd8 Rf2 55. Bg5 Rg2 56. Kd6 Rg4 57. Kd7 h6 58. Bxh6 Rxh4 59. Bg5 Rg4 60. Kc6 Rxg5 61. fxg5 f4 62. Kc5 f3 63. Kd4 f2 64.
Ke3 f1=Q 65. Kd4 Qd3+ 66. Kc5 Qd5+ 67. Kb6 Qxe5 68. Ka5 Qxg5 0-1

[Event "*** Titled Tuesday Blitz"]
[Site "Chess.com"]
[Date "2019.01.01"]
[Round "5"]
[White "dmosesov"]
[Black "SanchezKelvin"]
[Result "1-0"]
[WhiteElo "2358"]
[BlackElo "2533"]
[TimeControl "180+2"]
[EndTime "14:10:13 PST"]
[Termination "dmosesov won by resignation"]

1. e4 c5 2. Nf3 d6 3. d4 cxd4 4.
Nxd4 Nf6 5. Nc3 g6 6. Be3 Bg7 7. f3 O-O 8. Qd2 Nc6 9. O-O-O Nxd4 10. Bxd4 Be6 11. g4 Qa5 12. Kb1 Rfc8 13. Bxf6 Bxf6 14. Nd5 Qxd2 15. Nxf6+ Kg7 16. Rxd2 Kxf6 17. b3 Ke5 18. c4 Rh8 19. h4 Kf4 20. Bg2 h5 21. g5 a5 22. a4 b5 23. axb5 a4 24. Kb2 axb3 25.
Kxb3 Rhb8 26. Kb4 Rc8 27. Rc1 Kg3 28. f4 Rab8 29. e5 Rd8 30. Rcd1 Rdc8 31. Bd5 Bg4 32.
Rg1+ Kxf4 33. exd6 Ke3 34. Ra2 exd6 35. Bxf7 Bf5 36.
Rd1 Rd8 37. Ra6 Bd3 38. Ra3 1-0

[Event "*** Titled Tuesday Blitz"]
[Site "Chess.com"]
[Date "2019.01.01"]
[Round "5"]
[White "LucaBrasi1968"]
[Black "Andrew-FB00"]
[Result "1-0"]
[WhiteElo "2382"]
[BlackElo "1804"]
[TimeControl "180+2"]
[EndTime "14:10:14 PST"]
[Termination "LucaBrasi1968 won by resignation"]

1. e4 e5 2. Nf3 Nc6 3. d4 exd4 4.
Nxd4 Bc5 5. Be3 Qf6 6. c3 Nge7 7.
Bc4 Ne5 8. Be2 d5 9. f4 Ng4 10.
Bxg4 Qh4+ 11. Bf2 Qxg4 12. Qxg4 Bxg4 13. Nb5 Bxf2+ 14. Kxf2 O-O-O 15. e5 a6 16. Nd4 Nf5 17. Nd2 Nxd4 18. cxd4 g6 19. Rac1 c6 20. h3 Be6 21.
g4 h5 22. Kg3 Kc7 23. Nb3 Rh7 24. Rcf1 hxg4 25. hxg4 Rdh8 26. Rxh7 Rxh7 27. f5 gxf5 28. gxf5 Bc8 29. Rf2 Rg7+ 30. Kf4 Rh7 31. Nd2 Rh4+ 32.
Ke3 Rh5 33. f6 Be6 34. Nf3 Rh3 35. Rg2 Kd7 36. Kf4 b6 37. Ng5 Rh4+ 38. Ke3 Rh1 39. Nxe6 Kxe6 40. Rg8 Rh3+ 41. Kf4 Rh4+ 42. Kg5 Rh2 43.
Re8+ Kd7 44. Re7+ Kd8 45. Rxf7 Rxb2 46. e6 Rg2+ 47. Kf5 Rf2+ 48. Ke5 Re2+ 1-0

[Event "*** Titled Tuesday Blitz"]
[Site "Chess.com"]
[Date "2019.01.01"]
[Round "5"]
[White "LawrenceTrent"]
[Black "vladimirdamjanovic"]
[Result "1-0"]
[WhiteElo "2529"]
[BlackElo "2594"]
[TimeControl "180+2"]
[EndTime "14:10:16 PST"]
[Termination "LawrenceTrent won by resignation"]

1. d4 Nf6 2. Bg5 e6 3. e4 c5 4. d5 d6 5. Nc3 a6 6. a4 Be7 7. Nf3 O-O 8. Qd2 exd5 9. exd5 Bg4 10. Be2 Nbd7 11. O-O Re8 12. Rfe1 Qa5 13. Qf4 Qb4 14.
a5 Qxb2 15. Qd2 Bxf3 16. Bxf3 Qb4 17. Ra4 Ne4 18. Rxe4 Bxg5 19. Raxb4 Bxd2 20. Rxb7 Nf6 21. Rxe8+ Rxe8 22. Ne4 Nxe4 23. Bxe4 Bxa5 24. g3 g6 25. Bd3 Rd8 26. Bxa6 Bc3 27. Bb5 Bd4 28. Bc6 Kg7 29.
Kg2 g5 30. Bd7 Kf6 31. Bg4 Be5 32. Bh5 Rf8 33. Kf3 h6 34. Rd7 Kg7 35. Kg4 Kf6 36. c4 Kg7 37. Kf5 Kg8 38. f4 gxf4 39. gxf4 Bd4 40.
Rxd6 Ra8 41. Rxh6 Ra4 42. d6 Kf8 43. d7 Ke7 44. Rd6 Kd8 45. Bxf7 Ra7 46. Ke6 Be3 47. Rc6 Rc7 48. Rxc7 Kxc7 49. Ke7 1-0

[Event "*** Titled Tuesday Blitz"]
[Site "Chess.com"]
[Date "2019.01.01"]
[Round "5"]
[White "StoreySniper"]
[Black "juniortay"]
[Result "1-0"]
[WhiteElo "2344"]
[BlackElo "2409"]
[TimeControl "180+2"]
[EndTime "14:10:17 PST"]
[Termination "StoreySniper won by resignation"]

1. g3 g6 2. Bg2 Bg7 3. c4 d6 4. Nc3 Nf6 5. d4 c6 6. e4 O-O 7.
Nge2 e5 8. f3 Nbd7 9. Be3 a5 10.
O-O h5 11. d5 c5 12. Nb5 Ne8 13. Nec3 Nb6 14. b3 f5 15. exf5 gxf5 16. f4 Nf6 17.
fxe5 Ng4 18. Qd2 Nxe5 19. Bg5 Qd7 20. a4 Nf7 21. Bf4 Qd8 22. h4 Bd7 23. Rae1 Bxb5 24. Nxb5 Ne5 25. Qd1 Ng4 26. Bxd6 Bd4+ 27. Nxd4 Qxd6 28.
Ne2 Rae8 29. Qd2 Ne3 30. Rf3 Ng4 31. Qg5+ Kh7 32. Qxh5+ Qh6 33. Qxh6+ Kxh6 34. Bh3 Nd7 35. Bxg4 fxg4 36. Rxf8 Rxf8 37. Nf4 Nf6 38. Re6 Kg7 39. Rb6 Re8 40. Ne6+ Kg6 41. Rxb7 Kf5 42. Ng7+ 1-0

[Event "*** Titled Tuesday Blitz"]
[Site "Chess.com"]
[Date "2019.01.01"]
[Round "5"]
[White "swisspower96"]
[Black "vovachesss"]
[Result "1-0"]
[WhiteElo "2536"]
[BlackElo "2485"]
[TimeControl "180+2"]
[EndTime "14:10:17 PST"]
[Termination "swisspower96 won by resignation"]

1. d4 g6 2. g3 Bg7 3. Bg2 d6 4. b3 c5 5. Bb2 cxd4 6. Bxd4 Nf6 7. c4 Nc6 8. Bb2 O-O 9. Nc3 Qa5 10. Qd2 Ne5 11.
Nh3 Bf5 12. Nf4 Rab8 13. Rd1 a6 14. Ncd5 Qxd2+ 15. Rxd2 Nxd5 16. Nxd5 Rfe8 17. O-O b5 18. Nc7 Rec8 19. Nxa6 Rb6 20. cxb5 Rxb5 21. Bd4 Nc6 22. Bxg7 Kxg7 23. Rc1 Ne5 24. Rdd1 Ra5 25. Rxc8 Bxc8 26. Nb4 Be6 27. h3 Nd7 28. Rd2 Nc5 29. f4 h5 30. Kf2 f5 31. Nc6 Ra3 32. Nxe7 Kf6 33. Nd5+ Bxd5 34. Bxd5 g5 35. Bc4 gxf4 36. Rxd6+ Ke7 37.
Rc6 Ne4+ 38. Kf3 fxg3 39. Ra6 Nd2+ 40. Kxg3 Nxc4 41. Rxa3 Nxa3 42. Kh4 Kf6 43. Kxh5 Nc2 44. a4 Nd4 45. a5 Nc6 46. a6 Ke5 47. Kg5 Ke4 48.
h4 f4 49. h5 Ke3 50. h6 Kxe2 51. Kxf4 Kd3 52. h7 Kc3 53. h8=Q+ Kxb3 54. Qc8 Nb4 55. Qb7 Kc4 56. Qxb4+ Kxb4 57. a7 1-0

[Event "*** Titled Tuesday Blitz"]
[Site "Chess.com"]
[Date "2019.01.01"]
[Round "5"]
[White "Fins0905"]
[Black "andresgv36"]
[Result "1-0"]
[WhiteElo "2578"]
[BlackElo "2372"]
[TimeControl "180+2"]
[EndTime "14:10:18 PST"]
[Termination "Fins0905 won by checkmate"]

1. d4 Nf6 2. c4 g6 3. Nc3 Bg7 4. e4 d6 5. f3 O-O 6. Nge2 c5 7.
d5 e6 8. Ng3 exd5 9. cxd5 h5 10. Bg5 Qb6 11. Qd2 Nh7 12. Bh4 f5 13. exf5 Bxf5 14.
Nxf5 Rxf5 15. Bd3 Re5+ 16. Be4 Nf6 17. O-O Nxe4 18. Nxe4 Nd7 19. Bg3 Rf5 20. Nxd6 Bd4+ 21. Kh1 Rxd5 22. Ne4 Nf8 23. b4 Rad8 24. bxc5 Bxc5 25.
Qc2 Bd4 26. Rab1 Qa6 27. Qb3 b6 28. Rfd1 Ne6 29. Nf6+ Bxf6 30. Rxd5 Re8 31. Rd6 Kf7 32. Re1 h4 33. Rdxe6 Rxe6 34. Qxe6+ Kg7 35. Be5 Bxe5 36. Qxe5+ Kh6 37. Qh8+ Kg5 38. Re5+ Kf4 39. Qf6# 1-0

[Event "*** Titled Tuesday Blitz"]
[Site "Chess.com"]
[Date "2019.01.01"]
[Round "5"]
[White "evgenyermolaev"]
[Black "ahmadzada13"]
[Result "1-0"]
[WhiteElo "2492"]
[BlackElo "2802"]
[TimeControl "180+2"]
[EndTime "14:10:23 PST"]
[Termination "evgenyermolaev won by resignation"]

1. e4 e5 2. Nf3 Nc6 3. Bc4 Bc5 4. d3 Nf6 5. Nbd2 d6 6. Bb3 O-O 7. c3 Nh5 8. Nf1 Kh8 9. Nxe5 Nxe5 10. d4 Bg4 11. f3 Qh4+ 12. Ke2 Bh3 13. g3 Qf6 14. dxe5 Qxe5 15. Ne3 f5 16. Qd5 Qe7 17. Qe6 Qd8 18. Bc2 f4 19. Qxh3 fxe3 20. Qxh5 g6 21. Qd5 c6 22. Qd3 Qf6 23. Rf1 d5 24. Bxe3 Bxe3 25.
Qxe3 Kg8 26. Qd4 Qd6 27. Rae1 b5 28. Kd2 a5 29. Kc1 Rad8 30. exd5 cxd5 31. Re5 a4 32. Rd1 Qc6 33. Rxd5 Rde8 34. Rd7 Rf7 35. Rxf7 Kxf7 36.
Qd5+ 1-0

[Event "*** Titled Tuesday Blitz"]
[Site "Chess.com"]
[Date "2019.01.01"]
[Round "5"]
[White "Blagorod"]
[Black "BillCoe"]
[Result "1-0"]
[WhiteElo "2099"]
[BlackElo "1985"]
[TimeControl "180+2"]
[EndTime "14:10:23 PST"]
[Termination "Blagorod won on time"]

1. e4 c5 2. Nc3 e6 3. g3 Nc6 4. Bg2 g6 5. d3 Bg7 6. Be3 b6 7. f4 Nge7 8. Nf3 d5 9. exd5 Nxd5 10. Nxd5 exd5 11. c3 O-O 12. O-O Be6 13. d4 cxd4 14.
Nxd4 Nxd4 15. Bxd4 Bxd4+ 16. Qxd4 Qd7 17. Rad1 Rfd8 18. c4 Rac8 19. cxd5 Bg4 20. Rd2 Qb5 21. h3 Rc4 22. Qf6 Qc5+ 23. Kh2 Rd6 24. Qe5 Bf5 25. g4 Bc2 26. Rff2 Bb1 27. b3 Rc1 28. f5 gxf5 29.
gxf5 f6 30. Qe8+ Kg7 31. Qe7+ Kg8 32. Rf4 Qg1+ 33. Kg3 Rc3+ 34. Kh4 Bxf5 35. Rxf5 1-0

[Event "*** Titled Tuesday Blitz"]
[Site "Chess.com"]
[Date "2019.01.01"]
[Round "5"]
[White "Pakarma"]
[Black "TheBigBadChessDad"]
[Result "1-0"]
[WhiteElo "2457"]
[BlackElo "2284"]
[TimeControl "180+2"]
[EndTime "14:10:24 PST"]
[Termination "Pakarma won by checkmate"]

1. e4 e5 2. Nc3 Nf6 3. Bc4 Nc6 4. d3 Bb4 5. Bg5 h6 6. Bxf6 Qxf6 7. Ne2 Nd4 8. O-O Nxe2+ 9. Nxe2 Bc5 10. Kh1 g5 11. c3 d6 12. b4 Bb6 13. a4 a5 14. b5 h5 15. d4 h4 16. Qd3 g4 17. f4 exd4 18.
cxd4 h3 19. g3 Be6 20. f5 Bxc4 21. Qxc4 O-O-O 22. Qd5 Rde8 23. Rf4 Rhg8 24. Rc1 Kb8 25. Kg1 Re5 26. Qb3 d5 27. Kf1 Rxe4 28. Qxd5 Rxf4+ 29. Nxf4 Qxd4 30. Qxd4 Bxd4 31. Rc4 Bb6 32. Nd5 Rg5 33. Ne7 f6 34. Ke2 Bg1 35. Kf1 Bxh2 36. Kf2 Rg7 37. Re4 b6 38. Nc6+ Kc8 39. Re8+ Kd7 40. Rd8# 1-0

[Event "*** Titled Tuesday Blitz"]
[Site "Chess.com"]
[Date "2019.01.01"]
[Round "5"]
[White "andrzej"]
[Black "Hieronymus00"]
[Result "1/2-1/2"]
[WhiteElo "2262"]
[BlackElo "2174"]
[TimeControl "180+2"]
[EndTime "14:10:29 PST"]
[Termination "Game drawn by repetition"]

1. e4 e5 2. Nf3 Nc6 3. d4 exd4 4. Nxd4 Nf6 5. Nxc6 bxc6 6. e5 Qe7 7. Qe2 Nd5 8. h4 Bb7 9. c4 Nb6 10. Rh3 a5 11. Bd2 a4 12. Nc3 Qe6 13. Qe4 Bc5 14.
Bd3 O-O-O 15. Rf3 d5 16. exd6 cxd6 17. Qxe6+ fxe6 18. Be3 Bxe3 19. Rxe3 e5 20. O-O-O a3 21. b3 Kc7 22. Rde1 Nd7 23. g3 Rhf8 24. R1e2 g6 25. Ne4 d5 26. Ng5 Kd6 27. Nxh7 Rg8 28. Ng5 e4 29. Bc2 Nc5 30. f3 exf3 31. Nxf3 Bc8 32.
cxd5 cxd5 33. Nd4 Bg4 34. Re1 Rd7 35. Nb5+ Kc6 36. Nd4+ Kd6 37. Nb5+ Kc6 38. Nd4+ Kd6 1/2-1/2

[Event "*** Titled Tuesday Blitz"]
[Site "Chess.com"]
[Date "2019.01.01"]
[Round "5"]
[White "Bryakin_Mikhail"]
[Black "kuli4ik"]
[Result "0-1"]
[WhiteElo "2685"]
[BlackElo "2810"]
[TimeControl "180+2"]
[EndTime "14:10:30 PST"]
[Termination "kuli4ik won by resignation"]

1. d4 g6 2. c4 Bg7 3. Nc3 c5 4. d5 Bxc3+ 5. bxc3 f5 6. Nf3 Nf6 7. Bh6 Rg8 8. Qc2 Qa5 9. e3 d6 10. Bd3 Nbd7 11. O-O Nb6 12. Nd2 Qa4 13. Qb3 Bd7 14. h3 O-O-O 15. Bc2 Qa6 16. a4 g5 17. h4 gxh4 18. Kh1 Rg6 19. Bf4 Rdg8 20. Rg1 Ng4 21. Rgf1 Kb8 22. a5 Na8 23. Nf3 Nc7 24. Nxh4 Rf6 25. Nf3 Ka8 26. g3 e5 27. dxe6 Bxe6 28. Bd3 Qc6 29. Kg2 Ne5 30. Bxe5 dxe5 31. e4 Qd6 32. Rab1 Bc8 33. Rfd1 f4 34. Nh4 fxg3 35. fxg3 Qf8 36. Rf1 Ne6 37. Nf5 Nf4+ 38. Rxf4 exf4 39. a6 Rxa6 40. e5 Rb6 41. Qc2 Rxb1 42. Qxb1 Bxf5 43.
Bxf5 Rxg3+ 44. Kf2 Qh6 0-1

[Event "*** Titled Tuesday Blitz"]
[Site "Chess.com"]
[Date "2019.01.01"]
[Round "5"]
[White "m3alam"]
[Black "IngOscarArdila"]
[Result "1-0"]
[WhiteElo "2133"]
[BlackElo "2054"]
[TimeControl "180+2"]
[EndTime "14:10:32 PST"]
[Termination "m3alam won by checkmate"]

1. d4 Nf6 2. Nf3 g6 3. g3 Bg7 4. Bg2 O-O 5. O-O d6 6. c4 Nbd7 7. Nc3 e5 8. h3 Re8 9. e4 exd4 10.
Nxd4 Nc5 11. Re1 a5 12. Be3 c6 13. Qc2 h5 14. Rad1 Qb6 15. Nb3 Be6 16. Na4 Qc7 17.
Naxc5 dxc5 18. Nxc5 Bc8 19. Bf4 Qb6 20. Be3 Qc7 21.
a3 b6 22. Bf4 Qe7 23. Bd6 Qa7 24. Nd3 Qb7 25. e5 Nh7 26. c5 b5 27. Nf4 Bf5 28. Qe2 Nf8 29. Qf3 Rac8 30. Nxh5 Bc2 31. Nxg7 Bxd1 32. Rxd1 Kxg7 33. Qf6+ Kg8 34. Rd4 Re6 35. Qf3 g5 36. h4 Rg6 37. hxg5 Ne6 38.
Rh4 Ng7 39. Bh3 Re8 40. Bg4 Rxg5 41. Qh1 f6 42. Bd1 a4 43. Bc2 fxe5 44. Bb1 Kf7 45.
Ba2+ Kf6 46. Rh6+ Kf5 47. Qf3# 1-0

[Event "*** Titled Tuesday Blitz"]
[Site "Chess.com"]
[Date "2019.01.01"]
[Round "5"]
[White "Dr-Bassem"]
[Black "pultineviciuspaulius"]
[Result "1-0"]
[WhiteElo "2725"]
[BlackElo "2602"]
[TimeControl "180+2"]
[EndTime "14:10:33 PST"]
[Termination "Dr-Bassem won by resignation"]

1. e4 e5 2. Nf3 Nc6 3. Bc4 Nf6 4. d3 Be7 5. O-O O-O 6. a4 a6 7. h3 d6 8. c3 h6 9. Re1 Nh7 10. d4 Ng5 11. Nbd2 Bf6 12. Nxg5 Bxg5 13. Nf3 Bxc1 14. Rxc1 Qf6 15. Qd3 Ne7 16. Kh2 Ng6 17. g3 Bd7 18. a5 Rad8 19. Rcd1 Bc6 20. h4 Bd7 21. Rd2 Bg4 22.
Ng1 c6 23. Bb3 Rfe8 24. f3 Bc8 25. Red1 d5 26. h5 Ne7 27. exd5 Nxd5 28. Re2 Bf5 29. Qd2 exd4 30. Qxd4 Qg5 31. g4 Ne3 32. Rxe3 Rxd4 33.
Rxe8+ Kh7 34. Rxd4 Qc1 35. gxf5 Qxb2+ 36. Ne2 Qxb3 37.
Rdd8 g6 38. fxg6+ fxg6 39. Re7+ 1-0